 Dungeon Crawl Stone Soup version 0.20.1-1-g8b1a95d (webtiles) character file.

1052 Peloso the Slasher (level 8, 53/61 HPs)
             Began as a Demonspawn Fighter on July 30, 2017.
             Quit the game on level 5 of the Dungeon.
             The game lasted 00:10:22 (4827 turns).

Peloso the Slasher (Demonspawn Fighter)             Turns: 4827, Time: 00:10:23

Health: 53/61      AC: 11    Str: 19    XL:     8   Next: 5%
Magic:  17/17      EV:  9    Int: 12    God:
Gold:   264        SH: 10    Dex: 16    Spells: 7/7 levels left

rFire    + . .     SeeInvis .   C - +0 short sword "Hulk" {elec, MR+ MP+9 Int+2 Dex+4}
rCold    . . .     Gourm    .   c - +0 shield
rNeg     + . .     Faith    .   b - +0 scale mail
rPois    .         Spirit   .   n - +0 helmet
rElec    .         Reflect  .   (no cloak)
rCorr    .         Harm     .   v - +0 pair of gloves
MR       +....                  (no boots)
Stlth    ..........             (no amulet)
Regen    0.2/turn               i - ring of flight
MPRegen  0.2/turn               D - ring of positive energy

@: no status effects
A: talons 2, iridescent scales 1, fire resistance 1
a: Evoke Flight


You were on level 5 of the Dungeon.
You were very hungry.

You visited 1 branch of the dungeon, and saw 5 of its levels.

You collected 264 gold pieces.

Inventory:

Hand Weapons
 a - a +0 long sword
 C - the +0 short sword "Hulk" (weapon) {elec, MR+ MP+9 Int+2 Dex+4}
   (You found it on level 4 of the Dungeon)

   Occasionally, upon striking a foe, it will discharge some electrical energy
   and cause terrible harm.
   It affects your intelligence (+2).
   It affects your dexterity (+4).
   It affects your resistance to hostile enchantments.
   It affects your magic capacity (+9).
Armour
 b - a +0 scale mail (worn)
 c - a +0 shield (worn)
 n - a +0 helmet (worn)
 v - a +0 pair of gloves (worn)
Jewellery
 i - a ring of flight (left hand)
 B - an uncursed amulet of rage
 D - a ring of positive energy (right hand)
Wands
 r - a wand of random effects (16/48)
Scrolls
 g - a scroll of remove curse
 m - 2 scrolls of enchant armour {unknown}
 s - a scroll of enchant weapon {unknown}
 t - 2 scrolls of blinking {unknown}
 w - 2 scrolls of random uselessness {unknown}
 x - 2 scrolls of identify
 y - a scroll of magic mapping {unknown}
 z - a scroll of amnesia
 A - a scroll of fog {unknown}
Potions
 d - 2 potions of might
 j - 2 potions of haste {unknown}
 k - a potion of mutation {unknown}
 o - 2 potions of curing {unknown}
 p - a potion of brilliance {unknown}
 q - 2 potions of lignification {unknown}
 u - a potion of ambrosia {unknown}
Books
 e - a book of Conjurations

   Spells                             Type                      Level
   a - Magic Dart                     Conjuration                  1
   b - Searing Ray                    Conjuration                  2
   c - Dazzling Spray                 Conjuration/Hexes            3
   d - Fulminant Prism                Conjuration/Hexes            4
   e - Force Lance                    Conjuration/Translocation    4
   f - Iskenderun's Mystic Blast      Conjuration                  4
Comestibles
 f - 4 bread rations
 h - 4 meat rations
 l - 2 royal jellies


   Skills:
 + Level 4.6 Fighting
 + Level 1.0(3.3) Short Blades
 + Level 5.1 Long Blades
 + Level 4.7 Armour
 + Level 2.1 Dodging
 + Level 0.8 Stealth
 + Level 4.6 Shields
 + Level 0.2 Evocations


You had 7 spell levels left.
You didn't know any spells.

Dungeon Overview and Level Annotations

Branches:
Dungeon (5/15)
 Temple: D:4-7

Altars:
Cheibriados
Dithmenos


Innate Abilities, Weirdness & Mutations

You have razor-sharp toenails.
You are partially covered in iridescent scales. (AC +2)
Your flesh is heat resistant. (rF+)


Message History

You block the centaur's attack.
You hit the centaur but do no damage. Lightning courses through the centaur!
The centaur is severely wounded.
The centaur hits you.
The phantom hits you but does no damage.
You block the centaur's attack.
You hit the centaur but do no damage. You claw the centaur, but do no damage.
The centaur is severely wounded.
You block the centaur's attack. You block the phantom's attack.
You hit the centaur.
The centaur is almost dead.
The centaur hits you but does no damage.
The phantom blinks!
The centaur completely misses you.
You hit the centaur but do no damage. You claw the centaur.
You kill the centaur!
Your base Short Blades skill increases to level 1!
You have reached level 8!
You feel clever.
Your demonic ancestry asserts itself...
Your toenails lengthen and sharpen.
Are you sure you want to abandon this character and quit the game? (Confirm with "yes".)

#########.##
##.........##
##...#.#.#.#.#.#.#.
...#........>.......
#...#.#.#.#.#.#.#.#
#..)..(...[....
#.#.#)#.#.#.#.#
#...Z5W.......Z.
###@#.#.#.#.#W#.#
#...............
##.#.#.#.#.#.#.
........5....
#.#.#.#.#.#.
.......)### .....
..# .## ..


You could see a phantom, a shadow imp and a howler monkey skeleton.

Vanquished Creatures
  The ghost of Peloso the Slasher, a novice DsFi (D:4)
  2 phantoms (D:4)
  A centaur (D:5)
  An ogre (D:4)
  A bullfrog (D:3)
  A scorpion (D:4)
  2 howler monkeys (D:4)
  A centaur skeleton (D:5)
  3 worker ants (D:4)
  Robin (D:3)
  4 adders
  An ooze (D:4)
  An adder zombie (D:4)
  4 dart slugs
  5 leopard geckos
  7 orcs
  2 ball pythons (D:4)
  3 giant cockroaches (D:3)
  12 goblins
  9 hobgoblins
  4 jackals (D:1)
  2 quokkas (D:3)
  7 bats
  5 frilled lizards
  5 kobolds
  A quokka skeleton (D:4)
  5 rats
91 creatures vanquished.

Notes
Turn   | Place    | Note
-------+----------+-------------------------------------------
     0 | D:1      | Peloso the Demonspawn Fighter began the quest for the Orb.
     0 | D:1      | Reached XP level 1. HP: 18/18 MP: 1/1
   137 | D:1      | Reached skill level 2 in Long Blades
   138 | D:1      | Gained mutation: Your flesh is heat resistant. (rF+) [demonic ancestry]
   138 | D:1      | Reached XP level 2. HP: 4/24 MP: 2/2
   934 | D:2      | Reached XP level 3. HP: 29/29 MP: 3/3
  1994 | D:2      | Reached XP level 4. HP: 25/35 MP: 4/4
  2253 | D:3      | Found a snail-covered altar of Cheibriados.
  2592 | D:3      | Noticed a bullfrog
  2599 | D:3      | Killed a bullfrog
  2599 | D:3      | Reached skill level 3 in Long Blades
  2599 | D:3      | Gained mutation: You are partially covered in iridescent scales. (AC +2) [demonic ancestry]
  2599 | D:3      | Reached XP level 5. HP: 32/41 MP: 5/5
  2669 | D:3      | Noticed Robin
  2703 | D:3      | Killed Robin
  3370 | D:4      | Reached skill level 1 in Dodging
  3433 | D:4      | Noticed a phantom
  3483 | D:4      | HP: 1/41 [phantom (8)]
  3484 | D:4      | Killed a phantom
  3484 | D:4      | Gained mutation: You have sharp toenails. [demonic ancestry]
  3484 | D:4      | Reached XP level 6. HP: 1/47 MP: 6/6
  3814 | D:4      | Noticed Peloso's ghost (novice DsFi)
  3829 | D:4      | Killed Peloso's ghost
  3829 | D:4      | Reached skill level 4 in Long Blades
  3829 | D:4      | Reached XP level 7. HP: 38/54 MP: 7/7
  4169 | D:4      | Got a scorched short sword
  4170 | D:4      | Identified the cursed +0 short sword "Hulk" {elec, MR+ MP+9 Int+2 Dex+4} (You found it on level 4 of the Dungeon)
  4457 | D:4      | Reached skill level 5 in Long Blades
  4733 | D:3      | Found a shadowy altar of Dithmenos.
  4795 | D:5      | Entered Level 5 of the Dungeon
  4826 | D:5      | Reached skill level 1 in Short Blades
  4826 | D:5      | Gained mutation: You have razor-sharp toenails. [demonic ancestry]
  4826 | D:5      | Reached XP level 8. HP: 53/61 MP: 8/8
  4827 | D:5      | Quit the game

Skill      XL: |  1  2  3  4  5  6  7 |
---------------+----------------------+-----
Long Blades    | 2 3 4 5 |  5.1
Armour         | 3 4 |  4.7
Shields        | 3 4 |  4.6
Dodging        | 1 2 |  2.1
Fighting       | 4 |  4.6
Short Blades   | 1 |  1.0
Stealth        | |  0.8
Evocations     | |  0.2

Action                   |  1- 3 |  4- 6 |  7- 9 || total
-------------------------+-------+-------+-------++-------
Melee: Long sword        |   133 |   197 |    44 ||   374
       Kick              |       |     6 |    20 ||    26
       Short sword       |       |       |    33 ||    33
Evoke: Wand              |       |     1 |     4 ||     5
  Use: Scroll            |       |     7 |     1 ||     8
       Potion            |       |     1 |       ||     1
 Stab: Confused          |       |       |     1 ||     1
  Eat: Chunk             |     1 |     6 |     3 ||    10
       Royal jelly       |     1 |       |       ||     1
Armor: Scale mail        |    83 |    96 |    23 ||   202
Dodge: Dodged            |    44 |    75 |    17 ||   136
Block: Shield            |    83 |   102 |    39 ||   224
       Rpst.: Long sword |    16 |    23 |     4 ||    43
